 Dungeon Crawl Stone Soup version 0.30-a0-778-g2ef04afb54 (webtiles) character file.

Game seed: 8074439830759994630

308056 scionoferis the Spry (level 19, -17/168 HPs)
             Began as a Demigod Hexslinger on Feb 14, 2023.
             Demolished by a vault warden
             ... wielding a +1 long sword of electrocution
              (28 damage)
             ... on level 2 of the Vaults on Feb 15, 2023.
             The game lasted 03:31:45 (49850 turns).

scionoferis the Spry (Demigod Hexslinger)          Turns: 49850, Time: 03:31:45

Health: -17/168    AC: 21    Str:  9    XL:     19   Next: 55%
Magic:  8/8        EV: 43    Int: 15    God:
Gold:   3853       SH:  0    Dex: 50    Spells: 15/20 levels left

rFire   + . .      SeeInvis +    a - +6 double sword (antimagic)
rCold   + . .      Faith    .    (no shield)
rNeg    + . .      Spirit   .    G - +6 acid dragon scales of Pandemonium {Will+ rCorr Dex+3}
rPois   +          Reflect  .    p - +0 mask of the Dragon {Will+ Slay+3 SInv}
rElec   .          Harm     .    S - +2 cloak {rPois}
rCorr   +          Rampage  +    k - +2 pair of gloves {hurl}
Will    +++..                    W - +2 pair of boots of Qoboj {Rampage Str+3}
Stlth   ++++++                   H - amulet of the acrobat
HPRegen 0.48/turn                U - ring "Ytsikk" {rF+ rC+ rN+ Str-5 Dex+3}
MPRegen 0.11/turn                u - +6 ring of dexterity

@: frozen, studying 2 skills, very slow
A: high MP 1, forlorn, divine attributes
}: 2/15 runes: barnacled, gossamer
a: no special abilities


You were on level 2 of the Vaults.
You visited 7 branches of the dungeon, and saw 35 of its levels.
You also visited: Desolation.

You collected 5332 gold pieces.
You spent 1479 gold pieces at shops.


Innate Abilities, Weirdness & Mutations

You have an increased reservoir of magic. (+10% MP)
You shall have no god before yourself.
Your divine heritage dramatically boosts your attributes as you level up.


   Skills:
 + Level 14.4 Fighting
 * Level 14.4 Long Blades
 - Level 18.0 Ranged Weapons
 + Level 18.4 Dodging
 - Level 10.0 Stealth
 - Level 1.6 Shields
 - Level 1.0 Spellcasting
 - Level 2.6 Hexes
 * Level 7.6 Necromancy
 + Level 6.5 Evocations


You had 15 spell levels left.
You knew the following spells:

 Your Spells              Type           Power      Damage    Failure   Level
a - Slow                  Hex            32%        N/A       14%         1
b - Animate Dead          Necr           23%        N/A       17%         4

Your spell library contained the following spells:

 Spells                   Type           Power      Damage    Failure   Level
 Necrotise                Necr           92%        1d8       1%          1
 Sublimation of Blood     Necr           23%        N/A       2%          2
 Dispel Undead            Necr           23%        3d12      17%         4
 Ensorcelled Hibernation  Hex/Ice        8%         N/A       34%         2
 Apportation              Tloc           0%         N/A       38%         1
 Magic Dart               Conj           0%         1d3       38%         1
 Sandblast                Erth           0%         2d4       38%         1
 Shock                    Conj/Air       0%         1d3       38%         1
 Sting                    Tmut/Pois      0%         1d3       38%         1
 Summon Small Mammal      Summ           0%         N/A       38%         1
 Tukima's Dance           Hex            8%         N/A       38%         3
 Anguish                  Hex/Necr       8%         N/A       43%         4
 Agony                    Necr           23%        N/A       43%         5
 Blink                    Tloc           0%         N/A       52%         2
 Passwall                 Tmut/Erth      0%         N/A       52%         2
 Poisonous Vapours        Pois/Air       0%         N/A       52%         2
 Searing Ray              Conj           0%         2d4       52%         2
 Dazzling Flash           Conj/Hex       8%         N/A       56%         3
 Inner Flame              Hex/Fire       4%         N/A       56%         3
 Portal Projectile        Hex/Tloc       8%         N/A       56%         3
 Summon Guardian Golem    Hex/Summ       4%         N/A       56%         3
 Call Canine Familiar     Summ           0%         N/A       77%         3
 Ignite Poison            Fire/Tmut/Pois 0%         N/A       77%         3
 Kindle Blastsparks       Fire/Tloc/Air  0%         2d10      77%         3
 Spider Form              Tmut/Pois      0%         N/A       77%         3
 Stone Arrow              Conj/Erth      0%         3d7       77%         3
 Swiftness                Air            0%         N/A       77%         3
 Cause Fear               Hex            4%         N/A       80%         4
 Fulminant Prism          Conj/Hex       2%         3d5       93%         4
 Leda's Liquefaction      Hex/Erth       2%         N/A       93%         4
 Borgnjor's Vile Clutch   Necr/Erth      6%         N/A       93%         5
 Death Channel            Necr           11%        N/A       95%         6
 Airstrike                Air            0%         2d(0-16)  99%         4
 Animate Armour           Summ/Erth      0%         N/A       99%         4
 Iskenderun's Mystic Bla  Conj/Tloc      0%         2d3       99%         4
 Manifold Assault         Tloc           0%         N/A       99%         4
 Olgreb's Toxic Radiance  Pois           0%         N/A       99%         4
 Petrify                  Tmut/Erth      0%         N/A       99%         4
 Summon Lightning Spire   Summ/Air       0%         N/A       99%         4
 Alistair's Intoxication  Tmut/Pois      0%         N/A       100%        5
 Arcjolt                  Conj/Air       0%         1d10      100%        5
 Blade Hands              Tmut           0%         N/A       100%        5
 Freezing Cloud           Conj/Ice/Air   0%         6-21      100%        5
 Iskenderun's Battlesphe  Conj           0%         2d6       100%        5
 Lee's Rapid Deconstruct  Erth           0%         3d4*      100%        5
 Metabolic Englaciation   Hex/Ice        2%         N/A       100%        5
 Dispersal                Tloc           0%         N/A       100%        6
 Iron Shot                Conj/Erth      0%         9d1       100%        6
 Starburst                Conj/Fire      0%         6d3       100%        6
 Statue Form              Tmut/Erth      0%         N/A       100%        6
 Ozocubu's Refrigeration  Ice            0%         4d7       100%        7
 Spellforged Servitor     Conj/Summ      0%         N/A       100%        7
 Storm Form               Tmut/Air       0%         N/A       100%        7
 Disjunction              Tloc           0%         N/A       100%        8
 Ignition                 Fire           0%         3d3       100%        8
 Lehudib's Crystal Spear  Conj/Erth      0%         10d2      100%        8
 Necromutation            Tmut/Necr      6%         N/A       100%        8
 Chain Lightning          Conj/Air       0%         N/A       100%        9

Inventory:

Hand Weapons
 a - a +6 antimagic double sword (weapon)
   (You subdued it on level 2 of the Elven Halls)
 b - the +1 arbalest of Autumn {penet, Str+4 Int+7}
   (You bought it in a shop on level 12 of the Dungeon)

   Str:       It affects your strength (+4).
   Int:       It affects your intelligence (+7).
 d - the +7 dagger of the Median {protect, rF+}
   (You bought it in a shop on level 2 of the Orcish Mines)

   rF:        It protects you from fire.
 h - a +0 great sword of holy wrath
   (You took it off a merfolk on level 4 of the Shoals)
 v - a +0 great sword of flaming
   (You took it off a fire giant on level 2 of the Vaults)
 A - a +0 antimagic shortbow
   (You took it off a centaur on level 11 of the Dungeon)
Missiles
 I - 56 poisoned darts
 J - 20 boomerangs of dispersal
 R - 2 curare-tipped darts (quivered)
Armour
 k - a +2 pair of gloves of hurling (worn)
   (You found it on level 4 of the Spider Nest)
 p - the +0 mask of the Dragon (worn) {Will+ Slay+3 SInv}
   (You found it in the Desolation of Salt)

   Slay:      It affects your accuracy & damage with ranged weapons and melee
   (+3).
   SInv:      It lets you see invisible.
   Will:      It increases your willpower.
 B - a +2 pair of boots of flying
   (You found it on level 4 of the Dungeon)
 G - the +6 acid dragon scales of Pandemonium (worn) {Will+ rCorr Dex+3}
   (You took it off a deep elf death mage on level 3 of the Elven Halls)

   Dex:       It affects your dexterity (+3).
   rCorr:     It protects you from acid and corrosion.
   Will:      It increases your willpower.
 S - a +2 cloak of poison resistance (worn)
   (You took it off Crazy Yiuf on level 7 of the Dungeon)
 W - the +2 pair of boots of Qoboj (worn) {Rampage Str+3}
   (You found it on level 3 of the Elven Halls)

   Str:       It affects your strength (+3).
   Rampage:   It bestows one free step when moving towards enemies.
 X - the +1 cloak of Panentheism {-Tele Fly rElec}
   (You found it on level 4 of the Shoals)

   rElec:     It insulates you from electricity.
   Fly:       It grants you flight.
   -Tele:     It prevents most forms of teleportation.
Jewellery
 u - a +6 ring of dexterity (right hand)
   (You found it on level 3 of the Dungeon)
 H - an amulet of the acrobat (around neck)
   (You found it on level 7 of the Dungeon)
 K - a ring of protection from fire
   (You took it off a kobold brigand on level 6 of the Dungeon)
 M - a ring of protection from cold
   (You took it off a merfolk impaler on level 4 of the Shoals)
 U - the ring "Ytsikk" (left hand) {rF+ rC+ rN+ Str-5 Dex+3}
   (You found it in the Desolation of Salt)

   [ring of protection from fire]

   Str:       It affects your strength (-5).
   Dex:       It affects your dexterity (+3).
   rF:        It protects you from fire.
   rC:        It protects you from cold.
   rN:        It protects you from negative energy.
Wands
 l - a wand of mindburst (28)
   (You found it on level 2 of the Lair of Beasts)
 n - a wand of iceblast (20)
   (You found it on level 8 of the Dungeon)
 r - a wand of digging (10)
   (You found it on level 1 of the Spider Nest)
 Y - a wand of quicksilver (13)
   (You found it on level 10 of the Dungeon)
Scrolls
 g - a scroll of enchant weapon
 m - 2 scrolls of butterflies
 t - 15 scrolls of teleportation
 w - 8 scrolls of fear
 C - 2 scrolls of magic mapping
 D - 7 scrolls of poison
 E - 6 scrolls of blinking
 F - 5 scrolls of fog
Potions
 e - 14 potions of curing
 f - 8 potions of mutation
 i - 5 potions of haste
 j - 9 potions of heal wounds
 o - 7 potions of ambrosia
 q - 6 potions of might
 s - 4 potions of cancellation
 z - 2 potions of berserk rage
 L - 2 potions of resistance
 O - 3 potions of invisibility
Miscellaneous
 c - a condenser vane
   (You found it on level 3 of the Elven Halls)
 x - a phantom mirror
   (You found it in the Desolation of Salt)
 y - a lightning rod (4/4)
   (You found it on level 2 of the Spider Nest)
 V - a box of beasts
   (You found it on level 4 of the Shoals)

Dungeon Overview and Level Annotations

Branches:
Dungeon (15/15)            Temple (0/1) D:4            Lair (5/5) D:11
 Shoals (4/4) Lair:3       Spider (4/4) Lair:3        Slime (0/5) Lair:5
    Orc (2/2) D:11            Elf (3/3) Orc:2        Vaults (2/5) D:13
 Depths (0/4) D:15        Desolation (visited)
  Crypt: Vaults:2-3

Shops:
D:12 *   D:14 **   Orc:2 !!?((   Elf:1 ?   Elf:2 (   Elf:3 =   Shoals:1 !
Shoals:3 !

Annotations:
Elf:1 1 runed translucent door, Cuucabuana's ghost, veteran MiGl #......^...# ## #..........# ..# ###........### #.. #...# ##.#........# pp#

.#...# #+###..########.# ##pp
..#...# #..'...'......#.# ..# .#
#...# +..#...'......#.###..# pp
#...# #..##..#......#.#.p# p#
#...# ##..###.#......#@#..##c.#
#...# #....####...<..pp###..#
###...# ......# #......#pp.[.p#
#.....#
####'###########p..########.....#
.................................
.................................
#################################


You could see 2 vault wardens, an ironbound frostheart and 2 vault sentinels.


Message History

You closely miss the ironbound thunderhulk.
The brown ugly thing claws you!
You are splashed with acid.
You resist.
You slice the ironbound thunderhulk!!
The ironbound thunderhulk's magic leaks into the air.
The ironbound thunderhulk is moderately wounded.
The ironbound thunderhulk completely misses you.
The brown ugly thing completely misses you.
You dice the ironbound thunderhulk like an onion!!!
The ironbound thunderhulk's magic leaks into the air.
The ironbound thunderhulk is severely wounded.
The brown ugly thing completely misses you.
You hit the ironbound thunderhulk.
The ironbound thunderhulk's magic leaks into the air.
The ironbound thunderhulk is severely wounded.
The ironbound thunderhulk falters for a moment.
The brown ugly thing closely misses you.
You slice the ironbound thunderhulk!!
The ironbound thunderhulk's magic leaks into the air.
The ironbound thunderhulk is almost dead.
The ironbound thunderhulk hits you but does no damage.
You dice the ironbound thunderhulk like an onion!!!
You kill the ironbound thunderhulk!
The brown ugly thing claws you but does no damage.
You slice the brown ugly thing!!
The brown ugly thing is moderately wounded.
The brown ugly thing completely misses you.
You slice the brown ugly thing!!
The brown ugly thing is severely wounded.
The brown ugly thing completely misses you.
You slice the brown ugly thing!!
You kill the brown ugly thing!
No target in view!
Things that are here:
a +0 great mace; a +0 animal skin; an ogre corpse
Found 15 gold pieces.
Things that are here:
a +0 dagger; a +0 robe; a human corpse HP restored.
t - 15 scrolls of teleportation (gained 1)
Things that are here:
a +0 dagger; a +0 robe; a human corpse
Found a leather armour.
An ironbound frostheart comes into view.
You see here 15 gold pieces.
The ironbound frostheart shouts!
You rampage towards the ironbound frostheart!
You rampage towards the ironbound frostheart!
You closely miss the ironbound frostheart.
The ironbound frostheart completely misses you.
You slice the ironbound frostheart!!
The ironbound frostheart's magic leaks into the air.
The ironbound frostheart is heavily wounded.
You slice the ironbound frostheart!!
The ironbound frostheart's magic leaks into the air.
The ironbound frostheart is severely wounded.
The ironbound frostheart closely misses you.
You slash the ironbound frostheart!
The ironbound frostheart's magic leaks into the air.
The ironbound frostheart is almost dead.
The ironbound frostheart completely misses you.
You carve the ironbound frostheart like a ham!!!
You kill the ironbound frostheart!
You see here the +9 rapier "Eguagea" {heavy, rPois rN+ Stlth+}.
You see here the +9 rapier "Eguagea" {heavy, rPois rN+ Stlth+}.
g - the +9 rapier "Eguagea" {heavy, rPois rN+ Stlth+} You drop the +9 rapier "Eguagea" {heavy, rPois rN+ Stlth+}.
You now have 3743 gold pieces (gained 15).
You open the door.
Found a stone.
Found a stone staircase leading down.
There is an open door here.
You open the door.
There is an open door here.
You open the door. You open the door.
There is an open door here.
You open the door.
There is an open door here.
There is an open door here.
You open the door.
There is an open door here.
You open the door.
There is an open door here.
You open the door.
There is an open door here.
You open the door.
There is an open door here.
n - a wand of iceblast (20) (gained 1 charge)
E - 6 scrolls of blinking (gained 1)
Found a robe.
F - 5 scrolls of fog (gained 1)
You open the large door.
There is a large open door here.
You open the door.
There is an open door here.
You now have 3775 gold pieces (gained 32).
As you open the door, it creaks loudly!
There is an open door here.
There is an open door here.
Things that are here:
a +0 great mace; a +0 animal skin; an ogre skeleton You see here a scroll of immolation.
You open the door.
Found a stone staircase leading down.
Found a scroll of identify.
There is an open door here.
There is an open door here.
You now have 3791 gold pieces (gained 16).
You now have 3832 gold pieces (gained 41).
You open the door.
There is an open door here.
As you open the door, it creaks loudly! 2 slime creatures come into view.
A slime creature comes into view.
There is an open door here.
A slime creature comes into view.
You catch the helpless slime creature completely off-guard!
You slice the slime creature!!
The slime creature is severely wounded.
The slime creature closely misses you.
The slime creature quivers.
You slice the slime creature like a ripe choko!!!
You kill the slime creature!
You slice the slime creature!!
The slime creature is heavily wounded.
The slime creature completely misses you.
You slice the slime creature!!
The slime creature is almost dead.
The slime creature completely misses you. x2
Two slime creatures merge to form a large slime creature.
You chop the large slime creature into pieces!!!
The large slime creature is almost dead.
The slime creature completely misses you.
You cut the large slime creature into ribbons!!!
You kill the large slime creature!
The slime creature hits you but does no damage.
You slice the slime creature!!
The slime creature is moderately wounded.
You slice the slime creature!!
The slime creature is severely wounded.
The slime creature misses you.
You barely miss the slime creature.
The slime creature is severely wounded.
The slime creature completely misses you.
You barely miss the slime creature.
The slime creature is severely wounded.
The slime creature completely misses you.
You cut the slime creature into ribbons!!!
You kill the slime creature!
You open the door.
There is an open door here.
There is an open door here.
As you open the door, it creaks loudly!
There is an open door here.
You open the door.
A yaktaur comes into view.
There is an open door here.
The helpless yaktaur fails to defend itself.
You slice the yaktaur like a ripe choko!!!!
You kill the yaktaur!
No target in view!
You open the door.
An ironbound preserver and 3 deep trolls come into view.
The deep troll shouts!
The ironbound preserver shouts!
You hear a shout!
A deep troll comes into view.
You hear a shout!
You slice the deep troll!!
The deep troll is heavily wounded.
The deep troll completely misses you. The deep troll misses you. x2
You slash the deep troll!
The deep troll is severely wounded.
You slice the ironbound preserver!!
The ironbound preserver's magic leaks into the air.
The ironbound preserver is moderately wounded.
You hear a shout!
You slice the ironbound preserver!!
The ironbound preserver's magic leaks into the air.
The ironbound preserver is severely wounded.
The ironbound preserver closely misses you.
You slice the ironbound preserver!!
The ironbound preserver's magic leaks into the air.
The ironbound preserver is almost dead.
You barely miss the ironbound preserver.
The ironbound preserver is almost dead.
The ironbound preserver completely misses you.
You slash the ironbound preserver!
You kill the ironbound preserver!
Training target 18.0 for Ranged Weapons reached!
Your Ranged Weapons skill increases to level 18!
You slice the deep troll!!
You kill the deep troll!
A deep troll comes into view.
You slice the deep troll!!
The deep troll is heavily wounded.
You slash the deep troll!
The deep troll is severely wounded.
You cut the deep troll into ribbons!!!
You kill the deep troll!
The troll leather armour is intact enough to wear.
You barely miss the deep troll.
The deep troll completely misses you. x2
The deep troll closely misses you.
You slice the deep troll like a ripe choko!!!
The deep troll is almost dead.
The deep troll completely misses you. x2; The deep troll closely misses you. x2
The deep troll completely misses you. x2
You slice the deep troll!!
You kill the deep troll!
The troll leather armour is intact enough to wear.
The deep troll misses you. The deep troll barely misses you.
The deep troll completely misses you.
You slash the deep troll!
The deep troll is lightly wounded.
You barely miss the deep troll.
The deep troll is lightly wounded.
The deep troll completely misses you. x2; The deep troll barely misses you.
The deep troll completely misses you. The deep troll misses you.
The deep troll closely misses you.
You carve the deep troll like a ham!!!
The deep troll is almost dead.
The deep troll completely misses you. x2
The deep troll claws you but does no damage.
The deep troll completely misses you. x3
You closely miss the deep troll.
The deep troll is almost dead.
The deep troll bites you! The deep troll misses you. x2
The deep troll bites you!
The deep troll claws you but does no damage.
The deep troll completely misses you.
You slice the deep troll!!
You kill the deep troll!
The deep troll bites you.
The deep troll completely misses you. x2
Your Necromancy skill increases to level 7!
You slash the deep troll!
The deep troll is moderately wounded.
You cut the deep troll into ribbons!!!
You kill the deep troll!
The troll leather armour is intact enough to wear.
No target in view!
No target in view!
There is an open door, spattered with blood here.
Items here: ) [[ †.
You open the door.
Found a scroll of identify.
There is an open door here.
You open the door.
There is an open door here.
There is an open door here.
You open the door. 2 deep trolls come into view.
The deep troll shouts!
You hear a shout! x2
A deep troll comes into view.
You carve the deep troll like a ham!!!
The deep troll is severely wounded.
You hear a shout! x2
You open the deep troll like a pillowcase!!!
You kill the deep troll!
A deep troll comes into view.
An ironbound preserver comes into view. It is wielding a +0 mace.
You slash the deep troll!
The deep troll is moderately wounded.
The deep troll completely misses you. x2; The deep troll barely misses you.
You hit the deep troll.
The deep troll is moderately wounded.
You hit the deep troll.
The deep troll is moderately wounded.
The deep troll completely misses you. x2; The deep troll misses you.
The deep troll completely misses you. x2; The deep troll barely misses you.
You hit the deep troll but do no damage.
The deep troll is moderately wounded.
The deep troll misses you. x2; The deep troll completely misses you. x4
You slice the deep troll!!
The deep troll is heavily wounded.
The deep troll misses you. The deep troll claws you.
The deep troll completely misses you. x2; The deep troll misses you.
The deep troll completely misses you.
You closely miss the deep troll.
The deep troll is heavily wounded.
The deep troll completely misses you. The deep troll misses you.
The deep troll completely misses you.
The deep troll bites you but does no damage.
The deep troll completely misses you. The deep troll closely misses you.
You slice the deep troll!!
The deep troll is almost dead.
You slice the deep troll!!
You kill the deep troll!
You slash the deep troll!
The deep troll is moderately wounded.
The deep troll barely misses you.
The deep troll completely misses you. x4
The deep troll misses you.
A deep troll comes into view.
You slice the deep troll like a ripe choko!!!
You kill the deep troll!
The deep troll completely misses you. x3
The deep troll completely misses you. x3
You open the deep troll like a pillowcase!!!
The deep troll is severely wounded.
The deep troll completely misses you. x3
You slice the deep troll!!
You kill the deep troll!
The troll leather armour is intact enough to wear.
You slash the ironbound preserver!
The ironbound preserver's magic leaks into the air.
The ironbound preserver is lightly wounded.
The ironbound preserver completely misses you.
You slice the ironbound preserver!!
The ironbound preserver's magic leaks into the air.
The ironbound preserver is moderately wounded.
The ironbound preserver completely misses you.
You hit the ironbound preserver.
The ironbound preserver's magic leaks into the air.
The ironbound preserver is moderately wounded.
The ironbound preserver completely misses you.
You slash the ironbound preserver!
The ironbound preserver's magic leaks into the air.
You punch the ironbound preserver, but do no damage.
The ironbound preserver is heavily wounded.
The ironbound preserver completely misses you.
You slash the ironbound preserver!
The ironbound preserver's magic leaks into the air.
The ironbound preserver is severely wounded.
You carve the ironbound preserver like a ham!!!
You kill the ironbound preserver!
You barely miss the deep troll. The deep troll closely misses you.
The deep troll completely misses you. x2
You slice the deep troll!!
The deep troll is heavily wounded.
The deep troll completely misses you. x3
You open the deep troll like a pillowcase!!!
You kill the deep troll!
Found a scroll of magic mapping.
There is an open door, spattered with blood here.
Items here: ) [[ †.
C - 2 scrolls of magic mapping (gained 1)
g - a scroll of enchant weapon
There is an open door, spattered with blood here.
Items here: ) [[ †.
There is an open door here.
There is an open door here.
You open the door.
A dire elephant comes into view. 2 dire elephants come into view.
Found an escape hatch in the floor.
There is an open door here.
You feel magic returning to you.
The +7 dagger of the Median {protect, rF+} hums with potential!
d - the +7 dagger of the Median (weapon)
{protect, rF+} You rampage towards the dire elephant!
The helpless dire elephant fails to defend itself.
You skewer the dire elephant like a kebab!!!!
Your weapon exudes an aura of protection.
You kill the dire elephant!
You rampage towards the dire elephant!
The helpless dire elephant fails to defend itself.
You stick the dire elephant like a pincushion!!!!
The dire elephant is almost dead.
The +7 dagger of the Median {protect, rF+} goes still.
You feel magic leave you.
a - a +6 antimagic double sword (weapon)
The dire elephant completely misses you. x2
You barely miss the dire elephant.
The dire elephant is almost dead.
You hit the dire elephant.
You kill the dire elephant!
You rampage towards the dire elephant!
You feel magic returning to you.
The +7 dagger of the Median {protect, rF+} hums with potential!
d - the +7 dagger of the Median (weapon)
{protect, rF+} The helpless dire elephant fails to defend itself.
You stick the dire elephant like a pincushion!!!!
Your weapon exudes an aura of protection.
The dire elephant is almost dead.
The +7 dagger of the Median {protect, rF+} goes still.
You feel magic leave you.
a - a +6 antimagic double sword (weapon)
The dire elephant misses you.
The dire elephant completely misses you.
You slice the dire elephant!!
You kill the dire elephant!
You feel magic returning to you.
You feel stronger.
You feel clever.
Your hands briefly pass through it before you manage to get a firm grip on it.
b - the +1 arbalest of Autumn (weapon)
{penet, Str+4 Int+7} Magic restored.
You open the door.
There is an open door here.
There is an open door here.
There is an escape hatch in the floor here.
There is an open door here.
You open the door.
There is an open door here.
There is an open door, spattered with blood here.
Items here: ) [[ ÷.
There is an open door here.
There is an open door here.
You open the door.
There is an open door here.
As you open the door, it creaks loudly!
You feel magic leave you.
a - a +6 antimagic double sword (weapon)
There is an open door here.
v - a ring of fire You open the door.
There is an open door here.
There is an open door here.
You open the door.
There is an open door here.
You open the door.
An entropy weaver and a redback come into view.
Autopickup disabled for rings of fire.
You drop a ring of fire.
You feel magic returning to you.
The +7 dagger of the Median {protect, rF+} hums with potential!
d - the +7 dagger of the Median (weapon)
{protect, rF+} A redback comes into view.
There is an open door here.
The entropy weaver shouts!
The redback completely misses you.
The entropy weaver gestures at you while chanting.
The entropic weave corrodes you!
You hit the redback.
Your weapon exudes an aura of protection.
The redback is lightly wounded.
A redback comes into view.
The redback completely misses you.
The +7 dagger of the Median {protect, rF+} goes still.
You feel magic leave you.
a - a +6 antimagic double sword (weapon)
The redback closely misses you.
You chop the redback into pieces!!!
You kill the redback!
You slash the entropy weaver!
The entropy weaver's magic leaks into the air.
The entropy weaver is lightly wounded.
The entropy weaver completely misses you. x4
You slice the entropy weaver like a ripe choko!!!
The entropy weaver's magic leaks into the air.
The entropy weaver is severely wounded.
The entropy weaver misses you. x2
The entropy weaver completely misses you. x2
You carve the entropy weaver like a ham!!!
You kill the entropy weaver!
You slice the redback!!
You kill the redback!
You slice the redback!!
You kill the redback!
No target in view!
You are no longer corroded.
There is an open door here.
You open the door.
There is an open door here.
You open the door.
There is an open door here.
A boulder beetle comes into view.
You feel magic returning to you.
The +7 dagger of the Median {protect, rF+} hums with potential!
d - the +7 dagger of the Median (weapon)
{protect, rF+} You rampage towards the boulder beetle!
The helpless boulder beetle fails to defend itself.
You spit the boulder beetle like a pig!!!!
Your weapon exudes an aura of protection.
You kill the boulder beetle!
The +7 dagger of the Median {protect, rF+} goes still.
You feel magic leave you.
a - a +6 antimagic double sword (weapon)
You see here a boulder beetle corpse.
There is an open door here.
As you open the door, it creaks loudly!
A glowing orange brain comes into view.
There is an open door here.
You rampage towards the glowing orange brain!
You hit the glowing orange brain.
The glowing orange brain's magic leaks into the air.
The glowing orange brain is lightly wounded.
You slice the glowing orange brain!!
The glowing orange brain's magic leaks into the air.
The glowing orange brain is severely wounded.
The glowing orange brain blinks!
The glowing orange brain's magic is no longer disrupted.
There is an open door here.
You hit the glowing orange brain.
The glowing orange brain's magic leaks into the air.
The glowing orange brain is severely wounded.
The glowing orange brain falters for a moment.
You carve the glowing orange brain like a ham!!!
You kill the glowing orange brain!
There is an open door here.
You open the door. 3 dire elephants come into view.
The dire elephant trumpets! x3
Found a stone.
You barely miss the dire elephant. You hit the dire elephant.
The dire elephant is lightly wounded.
You slice the dire elephant!!
The dire elephant is moderately wounded.
The dire elephant closely misses you. The dire elephant misses you.
You hit the dire elephant.
The dire elephant is moderately wounded.
The dire elephant completely misses you.
The dire elephant misses you.
The dire elephant completely misses you. x2
You slice the dire elephant!!
The dire elephant is heavily wounded.
You chop the dire elephant into pieces!!!
The dire elephant is severely wounded.
The dire elephant misses you.
The dire elephant completely misses you. x2
The dire elephant trunk-slaps you but does no damage.
You hit the dire elephant.
The dire elephant is severely wounded.
The dire elephant closely misses you. The dire elephant misses you.
The dire elephant completely misses you.
The dire elephant barely misses you.
You slice the dire elephant!!
The dire elephant is almost dead.
The dire elephant completely misses you.
The dire elephant trunk-slaps you. The dire elephant tramples you!
You stumble backwards!
You carve the dire elephant like a ham!!!
You kill the dire elephant!
You slice the dire elephant!!
The dire elephant is moderately wounded.
The dire elephant completely misses you. x2
You slash the dire elephant!
The dire elephant is moderately wounded.
The dire elephant barely misses you.
The dire elephant completely misses you.
You hit the dire elephant.
The dire elephant is moderately wounded.
The dire elephant completely misses you.
The dire elephant misses you.
You chop the dire elephant into pieces!!!
The dire elephant is severely wounded.
The dire elephant completely misses you.
The dire elephant misses you.
The dire elephant completely misses you. x2
You slash the dire elephant!
The dire elephant is severely wounded.
You slice the dire elephant!!
The dire elephant is almost dead.
The dire elephant completely misses you.
The dire elephant trunk-slaps you. The dire elephant misses you.
The dire elephant trunk-slaps you but does no damage.
You slash the dire elephant!
You kill the dire elephant!
The dire elephant completely misses you.
The dire elephant closely misses you.
You slash the dire elephant!
The dire elephant is lightly wounded.
The dire elephant completely misses you. x2
You slash the dire elephant!
The dire elephant is lightly wounded.
The dire elephant misses you.
The dire elephant completely misses you.
You slash the dire elephant!
The dire elephant is moderately wounded.
You slice the dire elephant!!
The dire elephant is heavily wounded.
The dire elephant closely misses you.
The dire elephant completely misses you.
You slash the dire elephant!
The dire elephant is heavily wounded.
The dire elephant completely misses you.
The dire elephant misses you.
You chop the dire elephant into pieces!!!
The dire elephant is almost dead.
The dire elephant completely misses you.
The dire elephant trunk-slaps you but does no damage.
You completely miss the dire elephant.
The dire elephant is almost dead.
You slice the dire elephant!!
You kill the dire elephant!
You see here a dire elephant corpse.
There is an open door, spattered with blood here.
As you open the door, it creaks loudly!
Found a stone staircase leading down.
There is an open door here.
You open the door.
There is an open door here.
You now have 3853 gold pieces (gained 21).
You see here the +1 ring mail of Qautrax {rC+ Will+ Stlth+}.
Things that are here:
a +0 ring mail; a +0 falchion
There is a broken door, spattered with blood here.
Items here: )) [[.
Things that are here:
a +0 ring mail; a +0 long sword
There is an open door here.
There is an open door here.
There is an open door, spattered with blood here.
You open the door.
A vault warden and 2 yaktaurs come into view.
The vault warden is wielding a +2 battleaxe of freezing.
The yaktaur shouts!
You hear a shout!
The yaktaur wields a +0 arbalest.
The yaktaur shoots a bolt.
The bolt hits you!
You start resting.
A yaktaur is nearby!
The yaktaur shoots a bolt.
The bolt completely misses you.
The vault warden shouts!
You hear a shout! x2
The vault warden activates a sealing rune.
The doors slam shut!
The yaktaur shoots a bolt.
The bolt hits you!
A yaktaur comes into view.
You completely miss the vault warden. You punch the vault warden.
The vault warden is lightly wounded.
The vault warden completely misses you.
You hit the vault warden.
The vault warden's magic leaks into the air.
The vault warden is lightly wounded.
The vault warden completely misses you.
You slash the vault warden!
The vault warden's magic leaks into the air.
The vault warden is moderately wounded.
The vault warden misses you.
You slice the vault warden!!
The vault warden's magic leaks into the air.
The vault warden is heavily wounded.
You closely miss the vault warden.
The vault warden is heavily wounded.
The vault warden completely misses you.
You slash the vault warden!
The vault warden's magic leaks into the air.
The vault warden is severely wounded.
The vault warden completely misses you.
You barely miss the vault warden.
The vault warden is severely wounded.
The vault warden hits you with a +2 battleaxe of freezing!
The vault warden freezes you.
You open the vault warden like a pillowcase!!!
You kill the vault warden!
The runic seals fade away.
You barely miss the yaktaur. You slice the yaktaur!!
The yaktaur is heavily wounded.
The yaktaur completely misses you.
You slice the yaktaur!!
You kill the yaktaur!
The yaktaur shoots a bolt.
The bolt completely misses you. The yaktaur completely misses you.
The yaktaur unwields a +0 arbalest.
The yaktaur barely misses you.
There is an open door, spattered with blood here.
Things that are here:
a +0 arbalest; a +2 battleaxe of freezing; a +0 chain mail You slash the yaktaur!
The yaktaur is moderately wounded.
The yaktaur completely misses you.
You slash the yaktaur!
The yaktaur is heavily wounded.
The yaktaur completely misses you.
You slice the yaktaur!!
You kill the yaktaur!
The yaktaur closely misses you.
You slash the yaktaur!
The yaktaur is moderately wounded.
The yaktaur barely misses you.
You barely miss the yaktaur.
The yaktaur is moderately wounded.
You barely miss the yaktaur.
The yaktaur is moderately wounded.
The yaktaur closely misses you.
You slice the yaktaur!!
You punch the yaktaur, but do no damage.
The yaktaur is almost dead.
The yaktaur misses you.
You barely miss the yaktaur.
The yaktaur is almost dead.
The yaktaur closely misses you.
You completely miss the yaktaur.
The yaktaur is almost dead.
The yaktaur hits you but does no damage.
You slash the yaktaur!
You kill the yaktaur!
HP restored.
You see here a +0 arbalest.
Done exploring.
Done exploring.
Done exploring.
Search for what [Enter for "vault", or ? for help]? vault Unknown command.
Unknown command.
There is an open door, spattered with blood here.
Things that are here:
a +0 arbalest; a +2 battleaxe of freezing; a +0 chain mail You open the door.
There is an open door here.
There is a stone staircase leading down here.
You climb downwards.
There is a stone staircase leading up here.
You open the door.
There is an open door here.
Y - a wand of quicksilver (13) (gained 6 charges)
There is a shaft here.
You open the door.
A fire giant comes into view.
It is wielding a +0 great sword of flaming.
There is an open door here.
You rampage towards the fire giant!
The fire giant hits you but does no damage.
You hit the fire giant.
The fire giant's magic leaks into the air.
The fire giant is lightly wounded.
You hit the fire giant.
The fire giant's magic leaks into the air.
The fire giant is lightly wounded.
The fire giant hits you with a +0 great sword of flaming!!
The fire giant burns you.
You slash the fire giant!
The fire giant's magic leaks into the air.
The fire giant is moderately wounded.
The fire giant hits you with a +0 great sword of flaming!
The fire giant burns you.
You barely miss the fire giant.
The fire giant is moderately wounded.
The fire giant gestures at you while chanting.
The bolt of fire hits you!! You resist.
You slice the fire giant!!
The fire giant's magic leaks into the air.
The fire giant is heavily wounded.
The fire giant falters for a moment.
You slice the fire giant!!
The fire giant's magic leaks into the air.
The fire giant is severely wounded.
You slash the fire giant!
The fire giant's magic leaks into the air.
The fire giant is almost dead.
The fire giant points at you and mumbles some strange words.
The fireball explodes!
The fireball engulfs you!! You resist.
The fireball engulfs the fire giant.
The fire giant resists.
You slice the fire giant!!
You kill the fire giant!
You see here a +0 great sword of flaming.
You start resting.
HP restored.
v - a +0 great sword of flaming
There is an open door here.
A deep troll comes into view.
You rampage towards the deep troll!
The deep troll shouts!
You slash the deep troll!
The deep troll is moderately wounded.
You hear a shout! x2
The deep troll completely misses you. x2
The deep troll claws you but does no damage.
You hear a shout!
You hit the deep troll.
The deep troll is moderately wounded.
The deep troll bites you but does no damage.
The deep troll completely misses you.
The deep troll claws you but does no damage.
You hit the deep troll but do no damage.
The deep troll is moderately wounded.
You slice the deep troll!!
The deep troll is severely wounded.
The deep troll completely misses you. x3
You slash the deep troll!
You kill the deep troll!
No target in view!
An ironbound preserver, a deep troll, a vault sentinel and a yaktaur come into view.
You rampage towards the ironbound preserver!
You carve the ironbound preserver like a ham!!!
The ironbound preserver's magic leaks into the air.
The ironbound preserver is heavily wounded.
The ironbound preserver falters for a moment.
You slash the ironbound preserver!
The ironbound preserver's magic leaks into the air.
The ironbound preserver is severely wounded.
You barely miss the ironbound preserver.
The ironbound preserver is severely wounded.
The ironbound preserver misses you.
You completely miss the ironbound preserver.
The ironbound preserver is severely wounded.
The ironbound preserver closely misses you.
The yaktaur completely misses you.
You slice the ironbound preserver!!
The ironbound preserver's magic leaks into the air.
Your punch misses the ironbound preserver.
The ironbound preserver is almost dead.
The ironbound preserver gestures wildly while chanting.
The ironbound preserver begins to accept its allies' injuries.
The yaktaur hits you but does no damage.
You slice the ironbound preserver!!
You kill the ironbound preserver!
The yaktaur completely misses you.
You slash the yaktaur!
The yaktaur is moderately wounded.
You slice the yaktaur like a ripe choko!!!
You kill the yaktaur!
You slash the deep troll!
The deep troll is lightly wounded.
The deep troll completely misses you. x2; The deep troll barely misses you.
You closely miss the deep troll.
The deep troll is lightly wounded.
The deep troll misses you. The deep troll completely misses you.
The deep troll claws you!
You slice the deep troll!!
The deep troll is severely wounded.
You hit the deep troll.
The deep troll is severely wounded.
The deep troll barely misses you.
The deep troll claws you but does no damage.
The deep troll closely misses you.
You slash the deep troll!
You kill the deep troll!
No target in view!
Unknown command.
HP restored.
Found a runed ring mail.
You open the door.
There is an open door here.
You open the door.
There is an open door here.
You open the large door.
There is a large open door here.
There is an open door here.
Found a potion of curing.
e - 14 potions of curing (gained 1)
You open the door.
There is an open door here.
A vault sentinel, an ironbound frostheart, an ironbound convoker and an ironbound preserver come into view.
The ironbound frostheart shouts!
You hear a shout!
The vault sentinel shouts!
The vault sentinel blows a loud note on a signal horn!
A wizard comes into view. It is wielding a +0 dagger.
The ironbound convoker gestures at the ironbound frostheart while chanting.
The ironbound frostheart seems to grow stronger.
You hear a shout!
The ironbound preserver shouts!
You hear a shout!
The ironbound frostheart calls freezing cold from the walls.
The frost grips you! You resist.
You are encased in ice.
An ironbound frostheart comes into view.
There is an open door here.
You slice the ironbound preserver!!
The ironbound preserver's magic leaks into the air.
The ironbound preserver is moderately wounded.
The ice encasing you melts away.
You hear a shout!
You slice the ironbound preserver!!
The ironbound preserver's magic leaks into the air.
The ironbound preserver is heavily wounded.
You slash the ironbound preserver!
The ironbound preserver's magic leaks into the air.
The ironbound preserver is heavily wounded.
The ironbound preserver falters for a moment.
You slice the ironbound preserver!!
The ironbound preserver's magic leaks into the air.
The ironbound preserver is severely wounded.
The ironbound preserver falters for a moment.
A yaktaur comes into view.
The ironbound convoker begins to recite a word of recall!
The yaktaur attacks as you move away! The yaktaur completely misses you.
The wizard mumbles some strange words.
The wizard blinks!
You slice the wizard!!
The wizard's magic leaks into the air.
The wizard is severely wounded.
A centaur warrior comes into view.
The vault sentinel blows a loud note on a signal horn!
The ironbound preserver hits you with a +0 great mace!
The wizard completely misses you.
You hit the wizard.
The wizard's magic leaks into the air.
The wizard is almost dead.
You slice the wizard like a ripe choko!!!
You kill the wizard!
The vault warden is recalled.
The stone giant is recalled.
The ironbound frostheart calls freezing cold from the walls.
The frost grips you. You resist.
You are encased in ice.
The ironbound preserver falters for a moment.
You hear a shout!
A vault warden comes into view.
It is wielding a +1 long sword of electrocution.
You slice the ironbound preserver!!
The ironbound preserver's magic leaks into the air.
The ironbound preserver is almost dead.
The ironbound preserver completely misses you.
A stone giant comes into view.
A vault sentinel comes into view.
It is wielding a +0 long sword of protection.
You barely miss the ironbound preserver.
The ironbound preserver is almost dead.
The ironbound preserver completely misses you.
A vault warden comes into view. It is wielding a +0 great sword.
You barely miss the ironbound preserver.
The ironbound preserver is almost dead.
You open the ironbound preserver like a pillowcase!!!
You kill the ironbound preserver!
The ice encasing you melts away.
The vault sentinel blows a loud note on a signal horn!
You slash the yaktaur!
The yaktaur is moderately wounded.
The yaktaur misses you.
The vault warden activates a sealing rune.
A door slams shut!
You carve the yaktaur like a ham!!!
You kill the yaktaur!
The ironbound frostheart calls freezing cold from the walls.
The frost grips you! You resist.
You are encased in ice.
You slice the ironbound frostheart!!
The ironbound frostheart's magic leaks into the air.
The ironbound frostheart is moderately wounded.
You completely miss the ironbound frostheart.
The ironbound frostheart is moderately wounded.
The ironbound frostheart calls freezing cold from the walls.
The frost grips you. You resist.
The ironbound frostheart calls freezing cold from the walls.
The frost grips you! You resist.
You slice the ironbound frostheart!!
The ironbound frostheart's magic leaks into the air.
The ironbound frostheart is almost dead.
The ironbound frostheart touches you but does no damage.
You carve the ironbound frostheart like a ham!!!
You kill the ironbound frostheart!
The ice encasing you melts away.
The stone giant throws a large rock.
The large rock completely misses you.
The stone giant throws a large rock.
The large rock completely misses you.
Things that are here:
a +0 dagger; a +0 robe; a human corpse The ironbound frostheart calls freezing cold from the walls.
The frost grips you! You resist.
You are encased in ice.
The runic seal fades away.
The ice encasing you melts away.
You rampage towards the stone giant!
You slice the stone giant!!
The stone giant is moderately wounded.
You slice the stone giant!!
The stone giant is heavily wounded.
The stone giant hits you.
You slice the stone giant!!
The stone giant is severely wounded.
The stone giant completely misses you.
The vault warden activates a sealing rune.
You slice the stone giant!!
You kill the stone giant!
The ironbound frostheart calls freezing cold from the walls.
The frost grips you! You resist.
You are encased in ice.
You barely miss the centaur warrior.
The centaur warrior completely misses you. x2
You slice the centaur warrior!!
The centaur warrior is severely wounded.
The centaur warrior completely misses you.
The centaur warrior kicks you but does no damage.
You slice the centaur warrior!!
You kill the centaur warrior!
The ice encasing you melts away.
A vault warden breaks down the door.
You rampage towards the vault warden!
You barely miss the vault warden. You slash the vault warden!
The vault warden's magic leaks into the air.
The vault warden is lightly wounded.
The vault warden activates a sealing rune.
The vault warden completely misses you.
You barely miss the vault warden.
The vault warden falters for a moment.
The vault sentinel blows a loud note on a signal horn!
The vault warden hits you but does no damage.
You hear a shout!
You barely miss the vault warden.
You chop the vault warden into pieces!!!
The vault warden's magic leaks into the air.
You punch the vault warden, but do no damage.
The vault warden is heavily wounded.
The vault warden completely misses you.
The vault warden hits you with a +1 long sword of electrocution.
You barely miss the vault warden.
The vault warden is heavily wounded.
The vault warden hits you with a +0 great sword!
The vault sentinel blows a loud note on a signal horn!
The vault warden barely misses you.
The ironbound frostheart calls freezing cold from the walls.
The frost grips you! You resist.
You are encased in ice.
The vault sentinel shouts!
You slash the vault warden!
The vault warden's magic leaks into the air.
The vault warden is heavily wounded.
The ironbound frostheart calls freezing cold from the walls.
The frost grips you. You resist. The vault warden closely misses you. x2
You slash the vault warden!
The vault warden's magic leaks into the air.
The vault warden is severely wounded.
You closely miss the vault warden.
The vault warden is severely wounded.
The ice encasing you melts away.
The vault warden's magic is no longer disrupted.
The vault warden hits you with a +0 great sword.
The vault sentinel blows a loud note on a signal horn!
The vault warden hits you with a +1 long sword of electrocution!!
You slash the vault warden!
The vault warden's magic leaks into the air.
The vault warden is almost dead.
The vault warden closely misses you. The vault warden completely misses you.
You closely miss the vault warden.
You punch the vault warden, but do no damage.
The vault warden is almost dead.
The vault warden activates a sealing rune.
The vault warden misses you.
You closely miss the vault warden.
The vault warden is almost dead.
The vault warden hits you with a +0 great sword!!
* * * LOW HITPOINT WARNING * * *
The ironbound frostheart calls freezing cold from the walls.
The frost grips you! You resist.
* * * LOW HITPOINT WARNING * * *
You are encased in ice.
The vault warden hits you with a +1 long sword of electrocution!!
You die...

Skill      XL: |  1  2  3  4  5  6  7  8  9 10 11 12 13 14 15 16 17 18 19 |
---------------+----------------------------------------------------------+-----
Fighting       | 1 2 3 4 5 6 7 8 9 11 12 13 14 | 14.4
Dodging        | 2 3 4 5 6 7 9 11 12 14 15 16 17 18 | 18.4
Stealth        | 1 2 3 4 5 6 8 10 | 10.0
Long Blades    | 3 5 7 9 11 12 14 | 14.4
Shields        | 1 |  1.6
Evocations     | 2 4 6 |  6.5
Ranged Weapons | 2 4 6 10 12 14 16 17 18 | 18.0
Necromancy     | 5 7 |  7.6
Spellcasting   | |  1.0
Hexes          | |  2.6

Action                     |  1- 3 |  4- 6 |  7- 9 | 10-12 | 13-15 | 16-18 | 19-21 || total
---------------------------+-------+-------+-------+-------+-------+-------+-------++-------
  Melee: Falchion          |       |    26 |    55 |       |       |       |       ||    81
         Long sword        |       |       |   478 |   552 |   518 |     8 |       ||  1556
         Dagger            |       |       |     2 |    47 |    17 |    36 |     5 ||   107
         Punch             |       |       |       |     5 |    15 |    19 |     5 ||    44
         Scimitar          |       |       |       |       |   339 |  1224 |    15 ||  1578
         Great sword       |       |       |       |       |       |     3 |       ||     3
         Double sword      |       |       |       |       |       |       |   263 ||   263
   Fire: Sling             |   176 |   121 |    72 |    20 |       |       |       ||   389
         Arbalest          |       |       |       |   160 |   720 |   749 |    56 ||  1685
  Throw: Dart              |       |       |     4 |       |     1 |     4 |       ||     9
         Throwing net      |       |       |       |     3 |     2 |     1 |       ||     6
  Evoke: Wand              |       |       |       |       |     2 |       |       ||     2
    Use: Potion            |       |       |     5 |       |     7 |     1 |       ||    13
         Scroll            |       |       |    10 |    12 |     4 |     4 |     1 ||    31
   Stab: Distracted        |       |       |     2 |     1 |     2 |     5 |     1 ||    11
         Sleeping          |       |       |     8 |     6 |     7 |    25 |     6 ||    52
         Held in net/web   |       |       |       |     3 |     4 |     4 |       ||    11
 Armour: Robe              |    14 |     8 |    93 |   118 |   100 |   158 |       ||   491
         Leather armour    |       |       |     8 |       |    17 |       |       ||    25
         Skin              |       |       |       |       |    16 |    59 |       ||    75
         Acid dragon scale |       |       |       |       |       |       |    29 ||    29
  Dodge: Dodged            |    45 |    61 |   312 |   591 |  1207 |  2118 |   300 ||  4634
  Block: Kite shield       |    17 |    48 |   258 |   242 |       |       |       ||   565

Levels and vault maps discovered:
D:1:      lightli_molten_gateway, layout_basic
D:2:      layout_loops_corners, ebering_ecumenical_altar_rust
D:3:      layout_rooms, serial_corexii_hall, chequers_hall_statues_corner_a,
          corexii_hall_statues_t, corexii_hall_statues_l,
          corexii_hall_statues_i, nicolae_concentric_dashed_squares_wild
D:4:      layout_rooms, mainiacjoe_overflow_chevrons, temple_statues,
          uniq_eustachio
D:5:      layout_rooms, nicolae_hepliaklqana_ecumenical_no_more
D:6:      layout_basic, minmay_unpleasant_kobolds, uniq_duvessa
D:7:      layout_rooms, uniq_crazy_yiuf_cottage
D:8:      kennysheep_kobold_camp, layout_basic, mainiacjoe_overflow_brackets
D:9:      layout_layer_cave, special_room [special_room_orc], dk_noncrumbling_2
D:10:     layout_layer_cave
D:11:     layout_cave_pools, david_lair_generic, david_orc_1_choice,
          serial_bayou, serial_bayou_lagoon_a, serial_bayou_pond_c,
          serial_bayou_shore_b, kennysheep_small_square, uniq_lodul
D:12:     argonaut_augean_stables, layout_cross, serial_shops, shop_fountains,
          bh_circular_ruins
D:13:     layout_loops_ring, david_vaults_5, kennysheep_generic_room_8
D:14:     layout_cave_pools, nicolae_specific_store, uniq_snorg, uniq_rupert
D:15:     gammafunk_enter_depths_forms, layout_basic, minivault_24,
          roderic_roman_lattice
Lair:1:   minmay_lair_venomous_thicket, layout_chaotic_city, grunt_megastairs_4
Lair:2:   layout_gridlike, serial_bayou_shore_a, grunt_megastairs_3,
          lemuel_fruit_fields
Lair:3:   pond_and_an_island_with_a_cottage, layout_regular_city,
          minmay_shoals_entry_hut, nicolae_spider_entry_non_spiders,
          chequers_serial_rivers_micro_d, mumra_transporter_accident,
          lemuel_old_faithful
Lair:4:   layout_gridlike, kennysheep_abandoned_house
Lair:5:   grunt_lair_end_beastmaster, layout_regular_city,
          nicolae_slime_entry_slimehenge
Shoals:1: layout_shoals, serial_shops, nicolae_lakefront_shop
Shoals:2: layout_shoals, nicolae_shoals_elemental_ambush, uniq_ilsuiw,
          uniq_louise
Shoals:3: layout_shoals, serial_shops, nicolae_shop_window_shopping
Shoals:4: shoals_end_hellmonk_storm_palace [storm_palace_center_square,
          storm_palace_corner_grid, storm_palace_corner_pillars,
          storm_palace_corner_altar, storm_palace_corner_grid]
Spider:1: layout_spider_delve, uniq_azrael, uniq_frances
Spider:2: layout_spider_delve, drop_trap, uniq_arachne
Spider:3: layout_chambers, nicolae_spider_altar_of_dancing
Spider:4: grunt_spider_rune_circles
Orc:1:    layout_caves
Orc:2:    st_orc_town, layout_diamond_mine, serial_shops, nicolae_shop_stone
Elf:1:    eino_elf_arrival_the_gate, layout_geoelf_octagon, ebering_ghost_xom,
          portal_desolation_entry_nicolae_menacing_earthworks, serial_shops,
          nicolae_shop_trees, minmay_elf_necromancy
Elf:2:    elven_hall_of_blades_hangedman_alternative
          [nicolae_blade_little_rooms], layout_gridlike, serial_shops,
          nicolae_shop_bloodbath_and_beyond, hellmonk_ghost_happy_afterlife,
          minivault_20, drop_trap, nicolae_shop_gadgets
Elf:3:    elf_hall, layout_gridlike, serial_shops, shop_statue,
          roderic_lattice_octagonal_star, uniq_asterion, uniq_zenata
Vaults:1: vaults_room_pools, v_misc_27, vaults_mumra_chevron_long,
          nicolae_vaults_little_ls, vaults_mumra_chevron, vaults_room_fours,
          vaults_room_fours, nicolae_vaults_network_s, layout_vaults_omnicross
Vaults:2: vaults_mumra_minichess, vaults_room_pool, grunt_vaults_focal,
          nicolae_vaults_little_squares_1, door_vault, layout_vaults_omnigrid

Notes
Turn   | Place    | Note
-------+----------+-------------------------------------------
     0 | D:1      | scionoferis the Demigod Hexslinger began the quest for the
                  | Orb.
     0 | D:1      | Reached XP level 1. HP: 15/15 MP: 4/4
    76 | D:1      | Reached skill level 1 in Fighting
    86 | D:1      | Reached skill level 2 in Dodging
   124 | D:1      | Reached XP level 2. HP: 16/23 MP: 5/5
   215 | D:1      | Reached skill level 1 in Stealth
   387 | D:1      | Reached XP level 3. HP: 28/28 MP: 6/6
   389 | D:1      | You fall into a shaft and drop 1 floor!
  1672 | D:3      | Reached skill level 3 in Dodging
  1996 | D:3      | Reached skill level 2 in Fighting
  2019 | D:3      | Reached XP level 4. HP: 20/36 MP: 8/8
  2441 | D:4      | Found a staircase to the Ecumenical Temple.
  2517 | D:4      | Reached skill level 2 in Stealth
  2568 | D:4      | Noticed Eustachio
  2658 | D:4      | Reached XP level 5. HP: 20/42 MP: 4/9
  3020 | D:5      | Entered Level 5 of the Dungeon
  3026 | D:4      | Reached skill level 4 in Dodging
  3163 | D:5      | Reached XP level 6. HP: 50/50 MP: 10/10
  3208 | D:5      | Reached skill level 3 in Fighting
  3341 | D:5      | Reached skill level 3 in Stealth
  3427 | D:5      | Reached skill level 5 in Dodging
  3505 | D:5      | Reached XP level 7. HP: 41/57 MP: 8/11
  3831 | D:6      | Reached skill level 1 in Long Blades
  3896 | D:6      | Noticed a steam dragon
  3953 | D:6      | HP: 4/58 [something] (8)]
  4376 | D:5      | Reached skill level 4 in Stealth
  4480 | D:6      | Reached skill level 2 in Long Blades
  4536 | D:6      | Reached skill level 4 in Fighting
  4784 | D:6      | Reached skill level 3 in Long Blades
  4784 | D:6      | Reached XP level 8. HP: 33/67 MP: 7/12
  4798 | D:6      | Reached skill level 6 in Dodging
  5031 | D:6      | Noticed Duvessa
  5031 | D:6      | Noticed Dowan
  5169 | D:6      | Reached skill level 4 in Long Blades
  5524 | D:4      | Killed Eustachio
  5525 | D:4      | Reached skill level 5 in Stealth
  5646 | D:7      | Reached skill level 5 in Fighting
  5859 | D:6      | Reached skill level 5 in Long Blades
  6120 | D:7      | Reached XP level 9. HP: 68/74 MP: 11/13
  6335 | D:7      | Reached skill level 6 in Long Blades
  6335 | D:7      | Reached skill level 7 in Dodging
  6577 | D:7      | Found a runed translucent door.
  6578 | D:7      | Noticed Crazy Yiuf
  6587 | D:7      | Killed Crazy Yiuf
  6737 | D:6      | Killed Duvessa
  6738 | D:6      | Killed Dowan
  6892 | D:8      | Reached skill level 6 in Fighting
  6995 | D:8      | Identified a scroll of acquirement
  7448 | D:8      | Reached skill level 7 in Long Blades
  9226 | D:9      | Reached XP level 10. HP: 72/84 MP: 11/14
  9439 | D:10     | Entered Level 10 of the Dungeon
  9521 | D:10     | Reached skill level 8 in Long Blades
  9648 | D:10     | Reached skill level 8 in Dodging
  9745 | D:10     | Reached skill level 7 in Fighting
 10065 | D:10     | Noticed a two-headed ogre
 10069 | D:10     | Reached skill level 9 in Long Blades
 10074 | D:10     | Killed a two-headed ogre
 10075 | D:10     | Reached skill level 9 in Dodging
 10870 | D:11     | Noticed a manticore
 10891 | D:11     | Found a staircase to the Lair.
 10891 | D:11     | Noticed a death yak
 11185 | D:11     | Killed a manticore
 11292 | D:11     | Killed a death yak
 11293 | D:11     | Reached XP level 11. HP: 67/94 MP: 12/15
 11609 | D:11     | Reached skill level 8 in Fighting
 11706 | D:10     | Reached skill level 10 in Long Blades
 11804 | D:11     | Reached skill level 10 in Dodging
 12071 | D:11     | Noticed Lodul
 12093 | D:11     | Killed Lodul
 12154 | D:11     | Found a staircase to the Orcish Mines.
 12773 | D:11     | Acquired 877 gold pieces
 13075 | D:12     | Noticed a two-headed ogre
 13087 | D:11     | Reached skill level 1 in Shields
 13087 | D:11     | Reached skill level 1 in Evocations
 13422 | D:12     | Found Locezx Gidgh's General Store.
 13442 | D:12     | Noticed a death yak
 13475 | D:12     | Bought the +1 arbalest of Autumn {penet, Str+4 Int+7} for
                  | 648 gold pieces
 13511 | D:12     | Reached skill level 11 in Long Blades
 13546 | D:12     | Reached skill level 2 in Ranged Weapons
 13546 | D:12     | Reached skill level 11 in Dodging
 13656 | D:12     | Killed a two-headed ogre
 13657 | D:12     | Reached skill level 2 in Evocations
 13693 | D:12     | Killed a death yak
 13696 | D:12     | Noticed a death yak
 13706 | D:12     | Killed a death yak
 13707 | D:12     | Reached XP level 12. HP: 86/101 MP: 14/16
 14125 | Lair:1   | Entered Level 1 of the Lair of Beasts
 14216 | Lair:1   | Reached skill level 3 in Ranged Weapons
 14226 | Lair:1   | Reached skill level 3 in Evocations
 14341 | Lair:1   | Noticed a boulder beetle
 14596 | Lair:1   | Killed a boulder beetle
 15088 | Lair:2   | Noticed a four-headed hydra
 15148 | Lair:2   | Reached skill level 12 in Long Blades
 15149 | Lair:2   | Noticed a seven-headed hydra
 15158 | Lair:2   | Killed a three-headed hydra
 15159 | Lair:2   | Reached skill level 12 in Dodging
 15244 | Lair:2   | Reached skill level 4 in Ranged Weapons
 15403 | Lair:2   | Reached skill level 4 in Evocations
 15425 | Lair:2   | Killed a one-headed hydra
 15713 | Lair:2   | Noticed an eight-headed hydra
 15723 | Lair:2   | Killed a four-headed hydra
 16093 | Lair:3   | Found a hole to the Spider Nest.
 16130 | Lair:3   | Identified the +7 sling "Hellblazer" {heavy, rPois}
 16737 | Lair:3   | Found a staircase to the Shoals.
 17393 | Lair:4   | Reached XP level 13. HP: 107/107 MP: 17/17
 17636 | Lair:4   | Reached skill level 5 in Ranged Weapons
 17727 | Lair:4   | Reached skill level 5 in Evocations
 18003 | Lair:4   | Reached skill level 13 in Long Blades
 18081 | Lair:5   | Entered Level 5 of the Lair of Beasts
 18085 | Lair:5   | Reached skill level 13 in Dodging
 18653 | Lair:5   | Noticed a dire elephant
 18690 | Lair:5   | Killed a dire elephant
 18783 | Lair:5   | Reached skill level 6 in Ranged Weapons
 18932 | Lair:5   | Reached skill level 6 in Evocations
 19266 | Lair:5   | Found a staircase to the Slime Pits.
 19605 | Lair:5   | Reached skill level 14 in Long Blades
 19605 | Lair:5   | Reached skill level 14 in Dodging
 19605 | Lair:5   | Reached XP level 14. HP: 83/115 MP: 16/19
 19690 | Lair:5   | Found the ring of Shadows {Umbra +Inv Stlth+}
 19702 | Lair:5   | Got the Secrets of Haze and Transition
 20047 | Lair:5   | Reached skill level 7 in Ranged Weapons
 20330 | Orc:1    | Entered Level 1 of the Orcish Mines
 21063 | Orc:2    | Entered Level 2 of the Orcish Mines
 21130 | Orc:2    | Found Karaodat's Antique Weapon Emporium.
 21232 | Orc:2    | Found a staircase to the Elven Halls.
 21794 | Orc:2    | Reached skill level 8 in Ranged Weapons
 22186 | Orc:2    | Found Qeupomp's Magic Scroll Shop.
 22186 | Orc:2    | Found Jadeot's Weapon Shoppe.
 22288 | Orc:2    | Found Leshryusa's Distillery.
 22288 | Orc:2    | Found Erhurire's Distillery.
 22363 | Orc:2    | Bought a pitted shortbow for 224 gold pieces
 22363 | Orc:2    | Identified the +7 shortbow of Doogub {heavy, rC+ Str+2
                  | Dex+2} (You bought it in a shop on level 2 of the Orcish
                  | Mines)
 22420 | Orc:2    | Bought a potion of invisibility for 136 gold pieces
 22420 | Orc:2    | Bought a potion of haste for 170 gold pieces
 23403 | D:13     | Reached skill level 9 in Ranged Weapons
 23404 | D:13     | Reached skill level 9 in Fighting
 23404 | D:13     | Identified the +0 hand axe of the Magi {spect, Stlth+}
 23580 | D:13     | Found a gate to the Vaults.
 24018 | D:14     | Reached skill level 15 in Dodging
 24447 | D:14     | Found Wuphaip's Specific Store.
 24450 | D:14     | Found Zeuggulite's General Store.
 24464 | D:14     | Bought a scroll of magic mapping for 105 gold pieces
 24472 | D:14     | Reached skill level 10 in Ranged Weapons
 24525 | D:14     | Reached XP level 15. HP: 125/125 MP: 20/20
 24544 | D:14     | Noticed Snorg
 24549 | D:14     | Killed Snorg
 24660 | D:14     | Identified a potion of resistance
 24661 | D:14     | Noticed Rupert
 24692 | D:14     | Killed Rupert
 25159 | D:15     | Entered Level 15 of the Dungeon
 25555 | D:15     | Reached skill level 10 in Fighting
 25555 | D:15     | Reached skill level 11 in Ranged Weapons
 26448 | D:15     | Found a staircase to the Depths.
 26671 | Spider:1 | Entered Level 1 of the Spider Nest
 26671 | Spider:1 | Noticed Azrael
 26824 | Spider:1 | Killed Azrael
 27454 | Spider:1 | Reached skill level 12 in Ranged Weapons
 27697 | Spider:1 | Identified a +0 robe of resistance
 27925 | Spider:1 | Noticed Frances
 28339 | Spider:2 | Identified the +5 glaive of the Wraith {vamp, Stlth+}
 28519 | Spider:2 | Noticed Arachne
 28783 | Spider:2 | Killed Arachne
 28784 | Spider:2 | Reached skill level 16 in Dodging
 29077 | Spider:2 | Reached skill level 11 in Fighting
 29445 | Spider:1 | Killed Frances
 29615 | Spider:3 | Reached XP level 16. HP: 137/137 MP: 21/21
 29778 | Spider:3 | Reached skill level 13 in Ranged Weapons
 29901 | Spider:3 | Identified the +3 hand axe of the Gazing Gods {flame, rPois
                  | rC+++ Will- Int-5}
 31084 | Spider:4 | Entered Level 4 of the Spider Nest
 31877 | Spider:4 | Reached skill level 14 in Ranged Weapons
 33030 | Spider:4 | Reached skill level 12 in Fighting
 33071 | Spider:4 | Found the +2 hat of the Bear Spirit {Spirit, Bear, *Rage
                  | Will++}
 33106 | Spider:4 | Got a gossamer rune of Zot
 33487 | Shoals:1 | Entered Level 1 of the Shoals
 34131 | Shoals:1 | Found Waiwnol's Distillery.
 34352 | Shoals:1 | Reached skill level 6 in Stealth
 35226 | Shoals:1 | Upgraded the game from 0.30-a0-777-ga9a30cbeda to
                  | 0.30-a0-778-g2ef04afb54
 35246 | Shoals:1 | Reached XP level 17. HP: 146/146 MP: 22/22
 35387 | Shoals:2 | Noticed Ilsuiw
 35452 | Shoals:2 | Killed Ilsuiw
 35498 | Shoals:2 | Reached skill level 15 in Ranged Weapons
 35539 | Shoals:2 | Noticed Louise
 35551 | Shoals:2 | Killed Louise
 36196 | Shoals:3 | Reached skill level 17 in Dodging
 36468 | Shoals:3 | Reached skill level 7 in Stealth
 37156 | Shoals:3 | Found Xahippog's Distillery.
 37361 | Shoals:4 | Entered Level 4 of the Shoals
 37682 | Shoals:4 | Paralysed by an air elemental for 1 turns
 37686 | Shoals:4 | Paralysed by an air elemental for 1 turns
 38329 | Shoals:4 | Reached skill level 8 in Stealth
 38469 | Shoals:4 | Got a barnacled rune of Zot
 38472 | Shoals:4 | Identified the +1 cloak of Panentheism {-Tele Fly rElec}
 38576 | Shoals:4 | Reached skill level 13 in Fighting
 38688 | Shoals:4 | Paralysed by an air elemental for 1 turns
 38696 | Shoals:4 | Paralysed by an air elemental for 1 turns
 38826 | Shoals:4 | Reached skill level 16 in Ranged Weapons
 38846 | Shoals:4 | Paralysed by an air elemental for 1 turns
 39989 | Orc:2    | Bought a scorched dagger for 196 gold pieces
 39989 | Orc:2    | Identified the +7 dagger of the Median {protect, rF+} (You
                  | bought it in a shop on level 2 of the Orcish Mines)
 40130 | Elf:1    | Entered Level 1 of the Elven Halls
 40465 | Elf:1    | Found a runed translucent door.
 40465 | Elf:1    | Noticed Cuucabuana's ghost (veteran MiGl)
 40504 | Elf:1    | Found Gefes's Magic Scroll Boutique.
 40521 | Elf:1    | Found a crumbling gateway.
 40549 | Desolati | Entered the Desolation of Salt
 41098 | Desolati | Found the +0 mask of the Dragon {Will+ Slay+3 SInv}
 41362 | Desolati | Reached XP level 18. HP: 153/157 MP: 23/23
 41411 | Desolati | Identified the ring of Caydevue {MP+9 Slay+3 SInv}
 41418 | Desolati | Identified the amulet "Xeyv" {Reflect Harm Dex+3 SH+5}
 41563 | Desolati | Reached skill level 9 in Stealth
 41769 | Desolati | Identified the ring "Ytsikk" {rF+ rC+ rN+ Str-5 Dex+3}
 41774 | Desolati | Got the Verses on Calorific Astrapomancy
 41776 | Desolati | Got the Precepts of Sepulchral Putrescence
 41784 | Desolati | Found the +5 robe of Night {Dark Will+ SInv}
 42086 | Elf:1    | Learned a level 4 spell: Animate Dead
 42260 | Elf:1    | Paralysed by an air elemental for 1 turns
 42270 | Elf:1    | Reached skill level 1 in Necromancy
 42604 | Elf:1    | Paralysed by an air elemental for 1 turns
 42949 | Elf:1    | Got Omalis's Opusculum on Iniquitous Arts
 43130 | Elf:1    | Reached skill level 2 in Necromancy
 43421 | Elf:2    | Found Uhycic's Weapon Emporium.
 43554 | Elf:2    | Noticed pigah's ghost (adept OpWn)
 43572 | Elf:2    | Found a runed translucent door.
 43681 | Elf:2    | Found a huge runed translucent gate.
 43681 | Elf:2    | Found a huge runed translucent gate.
 43681 | Elf:2    | Found a huge runed translucent gate.
 43681 | Elf:2    | Found a huge runed translucent gate.
 43682 | Elf:2    | Found a huge runed translucent gate.
 43699 | Elf:2    | Reached skill level 17 in Ranged Weapons
 43900 | Elf:2    | Reached skill level 3 in Necromancy
 43904 | Elf:2    | Found Tiluus's Gadget Gallery.
 44443 | Elf:2    | Killed pigah's ghost
 44544 | Elf:3    | Entered Level 3 of the Elven Halls
 44563 | Elf:3    | Found Geofiymm's Jewellery Shoppe.
 44713 | Elf:3    | Noticed Zenata
 45068 | Elf:3    | Noticed Asterion
 45130 | Elf:3    | Killed Asterion
 45475 | Elf:3    | Killed Zenata
 45567 | Elf:2    | Reached skill level 4 in Necromancy
 45675 | Elf:3    | Noticed a Hell Sentinel
 45698 | Elf:3    | Reached skill level 18 in Dodging
 46116 | Elf:2    | Reached skill level 10 in Stealth
 46126 | Elf:3    | Reached skill level 5 in Necromancy
 46136 | Elf:3    | Identified the +0 steam dragon scales "Jygh" {SInv}
 46137 | Elf:3    | Reached skill level 14 in Fighting
 46154 | Elf:3    | Noticed a Hell Sentinel
 46322 | Elf:3    | Identified the +6 acid dragon scales of Pandemonium {Will+
                  | rCorr Dex+3}
 46521 | Elf:3    | Identified the +2 broad axe "Xuumaoh" {flame, Str+2 Dex+2}
 46527 | Elf:3    | Reached XP level 19. HP: 100/167 MP: 24/24
 46704 | Elf:3    | Identified the +2 pair of boots of Qoboj {Rampage Str+3}
 46716 | Elf:3    | Found the +10 Black Knight's barding {ponderous, rPois rN+}
 46785 | Elf:3    | Identified the +2 falchion of Amorous Purpose {freeze,
                  | rElec rF+ Str+3}
 47346 | Elf:2    | Reached skill level 6 in Necromancy
 47839 | D:11     | Acquired a manual of Shields
 47926 | Vaults:1 | Entered Level 1 of the Vaults
 48407 | Vaults:1 | Identified the +9 rapier "Eguagea" {heavy, rPois rN+
                  | Stlth+}
 48693 | Vaults:1 | Reached skill level 18 in Ranged Weapons
 48705 | Vaults:1 | Reached skill level 7 in Necromancy
 49235 | Vaults:1 | Identified the +1 ring mail of Qautrax {rC+ Will+ Stlth+}
 49850 | Vaults:2 | HP: 11/168 [ironbound frostheart/creeping frost (15)]
 49850 | Vaults:2 | Demolished by a vault warden

Vanquished Creatures
  Arachne (Spider:2)
  Rupert (D:14)
  Zenata (Elf:3)
  Asterion (Elf:3)
  2 deep elf blademasters (Elf:2 Elf:3)
  Frances (Spider:1)
  2 deep elf master archers (Elf:3 Elf:2)
  A storm dragon (Shoals:4)
  3 vault wardens (Vaults:1)
  The ghost of pigah the Stormcaller, an adept OpWn of Gozag (Elf:2)
  Ilsuiw (Shoals:2)
  8 emperor scorpions (Spider:3 Spider:4)
  A fire giant (Vaults:2)
  2 imperial myrmidons (Desolation)
  Louise (Shoals:2)
  4 deep elf elementalists (Elf:2 Elf:3)
  4 deep elf sorcerers (Elf:3)
  A ghost moth (Spider:3)
  4 ironbound preservers (Vaults:1 Vaults:2)
  An ironbound thunderhulk (Vaults:1)
  A stone giant (Vaults:2)
  4 deep elf annihilators (Elf:3)
  10 deep elf demonologists (Elf:3)
  Azrael (Spider:1)
  A halazid warlock (Desolation)
  7 dire elephants (Lair:5 Vaults:1)
  3 crystal guardians (Desolation)
  6 merfolk impalers (Shoals:2 Shoals:3 Shoals:4)
  9 deep elf death magi (Elf:1 Elf:3)
  7 merfolk javelineers (Shoals:2 Shoals:4)
  Snorg (D:14)
  2 deep elf high priests (Elf:3)
  A great orb of eyes (D:15)
  3 ragged hierophants (Desolation)
  4 entropy weavers (Spider:1 Spider:3 Vaults:1)
  7 hydras (Lair:2 D:13 D:14)
  5 servants of whispers (Desolation)
  5 vault guards (D:13 Vaults:1)
  2 rakshasas (D:15)
  5 peacekeepers (Desolation)
  2 ironbound frosthearts (Vaults:1 Vaults:2)
  9 centaur warriors (D:13 D:14 D:15 Shoals:1 Vaults:2)
  5 radroaches (Spider:2 Spider:3 Spider:4)
  An alligator snapping turtle (Shoals:1)
  5 merfolk avatars (Shoals:1 Shoals:4)
  2 catoblepae (Lair:5)
  7 boulder beetles (Lair:1 Lair:5 D:13 D:14 Spider:3)
  A jorogumo (Spider:3)
  A tengu warrior (D:13)
  26 dancing weapons (Elf:1 Elf:2 Elf:3)
  An ogre mage (D:15)
  7 two-headed ogres (D:10 D:12 D:13 D:15)
  9 merfolk aquamancers (Shoals:3 Shoals:4)
  18 death yaks (D:11 D:12 Lair:4 Lair:5)
  A deep troll shaman (Lair:5)
  9 orc high priests (Orc:1 Orc:2)
  16 deep elf knights (Elf:1 Elf:2 Elf:3)
  5 skeletal warriors (D:14 D:15)
  Lodul (D:11)
  3 pharaoh ants (Spider:1 Spider:4)
  2 sun moths (Spider:2 Spider:4)
  12 deep trolls (Vaults:1 Vaults:2)
  7 orb spiders (Spider:3 Spider:4)
  8 skysharks (Lair:4 Lair:5 Shoals:1 Shoals:2 Shoals:3)
  A glowing orange brain (Vaults:1)
  5 sea snakes (Shoals:1 Shoals:3)
  2 ironbound convokers (Desolation Vaults:1)
  A lindwurm (Lair:5)
  3 orc knights (D:15)
  10 deep elf archers (Elf:1 Elf:2 Elf:3)
  25 deep elf pyromancers (D:13 Elf:1 Elf:2 Elf:3)
  A steelbarb worm (shapeshifter) (D:15)
  16 harpies (Shoals:1 Shoals:3 Shoals:4)
  A necromancer (Lair:3)
  4 steelbarb worms (Spider:3 Spider:4)
  2 wizards (Vaults:1 Vaults:2)
  24 wolf spiders (Lair:1 Spider:1 Spider:2 Spider:3 Spider:4)
  25 ugly things (D:13 D:14 D:15 Vaults:1)
  A mana viper (shapeshifter) (Elf:3)
  2 moths of wrath (Spider:4)
  20 manticores (D:11 D:12 D:13 D:15 Lair:3)
  16 deep elf zephyrmancers (Elf:1 Elf:2 Elf:3)
  5 large abominations (Elf:1)
  7 merfolk sirens (Shoals:2 Shoals:3 Shoals:4)
  3 cyclopes (D:14 Lair:3 Shoals:4)
  11 black mambas (Lair:1 Lair:3 Lair:4 Lair:5)
  14 fauns (Lair:3 Shoals:1 Shoals:2 Shoals:3)
  8 elephants (Lair:3 Lair:4 Lair:5)
  7 water nymphs (Shoals:3 Shoals:4)
  6 guardian serpents (Desolation)
  3 torpor snails (Lair:4 Spider:1 Spider:3)
  3 gargoyles (D:12 D:13)
  2 demonic crawlers (Spider:3)
  3 vault sentinels (Vaults:1)
  2 rime drakes (Lair:3 Lair:4)
  6 yaktaurs (Vaults:1 Vaults:2)
  9 komodo dragons (D:11 Lair:1 Lair:2 Lair:4 Lair:5)
  A freezing wraith (D:15)
  An efreet (D:13)
  9 cane toads (Lair:1 Lair:2 Lair:3 Lair:4 Lair:5)
  3 tengu conjurers (D:13 D:15)
  2 polar bears (Lair:2 Lair:5)
  9 wind drakes (Shoals:3 Shoals:4)
  3 meliai (D:13)
  18 merfolk (Shoals:1 Shoals:2 Shoals:3 Shoals:4)
  33 tarantellas (Spider:1 Spider:2 Spider:3 Spider:4)
  8 trolls (D:10 D:11 D:12 Orc:1 Orc:2)
  44 saltlings (Desolation)
  12 blink frogs (Lair:4 Lair:5)
  5 dream sheep (Lair:3 Shoals:4)
  A hornet (Lair:1)
  9 snapping turtles (Lair:3 Shoals:1 Shoals:4)
  22 slime creatures (D:13 D:14 D:15 Vaults:1)
  16 culicivoras (Spider:1 Spider:2 Spider:3 Spider:4)
  34 jumping spiders (Spider:1 Spider:2 Spider:3 Spider:4)
  30 water elementals (D:11 Lair:3 Shoals:2 Shoals:1 Shoals:3)
  8 air elementals (Shoals:4 Elf:1)
  A jumping spider (shapeshifter) (D:13)
  2 wraiths (D:12 D:13)
  Eustachio (D:4)
  3 wyverns (D:11 Lair:1 Lair:2)
  A basilisk (shapeshifter) (D:13)
  3 basilisks (Lair:1 D:14 D:15)
  57 yaks (D:9 D:10 D:11 D:12 Lair:1)
  5 fire elementals (Lair:3 Elf:3)
  A golden eye (shapeshifter) (Elf:3)
  59 redbacks (Spider:1 Spider:2 Spider:3 Spider:4 Vaults:1)
  3 steam dragons (D:6 D:7)
  5 vampire mosquitoes (D:11 D:13)
  9 wargs (D:10 Orc:2)
  16 water moccasins (D:6 Lair:1 Lair:2 Lair:3 Lair:4)
  Duvessa (D:6)
  2 acid dragons (D:11 D:13)
  4 hell hounds (Lair:3)
  27 orc warriors (D:8 D:9 D:10 D:11 Orc:1)
  2 sky beasts (D:6 D:7)
  2 elephant zombies (Lair:3)
  6 black bears (D:5 D:7 D:10 D:11 Lair:1)
  2 ice beasts (D:5 D:7)
  7 wolves (Lair:1 Lair:5)
  16 ogres (D:11 Orc:1 Orc:2 D:15)
  21 centaurs (D:7 D:8 D:9 D:10 D:11)
  3 elf zombies (Elf:1)
  5 kobold brigands (D:6 D:8 D:11)
  3 phantoms (D:5 D:6)
  A komodo dragon zombie (Lair:3)
  5 bullfrogs (Lair:1 Lair:2 Lair:4)
  2 gnoll sergeants (D:7 D:8)
  5 scorpions (D:5 D:6 Lair:3)
  3 earth elementals (Elf:2 Elf:3)
  11 wights (D:7 D:6 D:9)
  Dowan (D:6)
  3 killer bees (D:11)
  14 electric eels (D:11 D:12 Lair:3 Spider:1 Spider:2)
  4 howler monkeys (D:8 D:9 D:12)
  2 basilisk zombies (Lair:3)
  2 hounds (D:6 D:7)
  6 jellies (D:4 D:5 D:6 Lair:5)
  2 gnoll boudas (D:5 D:7)
  33 orc priests (D:4 D:8 D:9 D:10 D:11)
  Crazy Yiuf (D:7)
  2 iguanas (D:5 D:6)
  22 orc wizards (D:3 D:5 D:8 D:9 D:10)
  4 hell rats (Lair:4)
  18 gnolls (D:6 D:5 D:7 D:8 Orc:2)
  12 adders (D:3 D:5 D:6 Lair:1)
  2 river rats (Lair:4)
  A shadow imp (D:5)
  An ufetubus (D:7)
  6 worms (D:2 D:3 D:4 Lair:3)
  3 dart slugs (D:1 D:3)
  105 orcs (D:3 D:4 D:5 D:8 D:9)
  7 ball pythons (D:1 D:2 D:3 D:4)
  8 bats (D:1 D:2 D:3)
  5 endoplasms (D:1 D:2 Lair:5)
  3 giant cockroaches (D:1 Lair:3)
  6 goblins (D:1 D:2 D:3)
  15 hobgoblins (D:1 D:3 D:4)
  7 jackals (D:1 D:4)
  30 kobolds (D:1 D:2 D:6 D:8)
  5 quokkas (D:1 D:3 D:4 D:5)
  5 frilled lizards (D:1 D:3)
  12 rats (D:1 D:2 D:3 Lair:4)
1440 creatures vanquished.

Vanquished Creatures (others)
  2 harpies (Shoals:4)
  A deep elf zephyrmancer (Elf:1)
  A dream sheep (Shoals:1)
  2 human simulacra (D:12)
  An endoplasm (Lair:5)
  2 bushes (Lair:4 Lair:5)
  64 fungi (D:7 Lair:1 Lair:2 Lair:3 Lair:4)
  2 pillars of salt (Desolation)
  175 plants (D:8 D:11 Lair:1 Lair:2 Lair:3)
  4 withered plants (Desolation)
254 creatures vanquished.

Grand Total: 1694 creatures vanquished

Table legend: (Time is in decaauts)
 A = Elapsed time spent in this place.
 B = Non-inter-level travel time spent in this place.
 C = Inter-level travel time spent in this place.
 D = Time resting spent in this place.
 E = Time spent auto-exploring this place.
 F = Levels seen in this place.
 G = Mean time per level.
                   A        B        C        D        E       F      G
               +--------+--------+--------+--------+--------+-----+--------+
         Total |  49782 |  44642 |   5140 |   9920 |  20592 |  36 | 1382.8 |
       Dungeon |  19606 |  17248 |   2358 |   3253 |   8771 |  15 | 1307.1 |
          Lair |   7383 |   6516 |    867 |   1410 |   3499 |   5 | 1476.6 |
        Shoals |   5368 |   4909 |    459 |   1364 |   1615 |   4 | 1342.0 |
   Spider Nest |   6387 |   6006 |    381 |   1646 |   2657 |   4 | 1596.8 |
  Orcish Mines |   2413 |   1996 |    417 |    491 |   1033 |   2 | 1206.5 |
   Elven Halls |   5621 |   5008 |    613 |   1218 |   2024 |   3 | 1873.7 |
        Vaults |   1724 |   1680 |     44 |    230 |    960 |   2 |  862.0 |
    Desolation |   1277 |   1277 |      0 |    306 |     33 |   1 | 1277.0 |
               +--------+--------+--------+--------+--------+-----+--------+

Top non-repeatable levels by time:
    D:11: 2909 daAuts
Spider:3: 2334 daAuts
  Lair:3: 2182 daAuts
   Elf:2: 2021 daAuts
Shoals:4: 1872 daAuts
  Lair:5: 1865 daAuts
Spider:1: 1841 daAuts
   Elf:1: 1806 daAuts
   Elf:3: 1793 daAuts
    D:10: 1749 daAuts
   Orc:2: 1708 daAuts
     D:6: 1643 daAuts
    D:13: 1594 daAuts
     D:8: 1583 daAuts
Spider:4: 1519 daAuts

Table legend:
 A = Non-vault XP
 B = Vault XP
 C = Vault XP percentage of total XP
 D = Non-vault monster count
 E = Vault monster count
 F = Vault count percentage of total count
                 A         B        C        D         E       F
            +---------+---------+-------+---------+---------+-------
      Total |  291733 |  220909 |  43.1 |     916 |     526 |  36.5
            +---------+---------+-------+---------+---------+-------
        D:1 |      57 |       0 |   0.0 |      30 |       0 |   0.0
        D:2 |      18 |       0 |   0.0 |       9 |       0 |   0.0
        D:3 |      97 |       0 |   0.0 |      27 |       0 |   0.0
        D:4 |     163 |     208 |  56.1 |      18 |       1 |   5.3
        D:5 |     697 |       0 |   0.0 |      20 |       0 |   0.0
        D:6 |    1127 |     407 |  26.5 |      20 |       8 |  28.6
        D:7 |    1322 |      39 |   2.9 |      19 |       1 |   5.0
        D:8 |     799 |     127 |  13.7 |      23 |      21 |  47.7
        D:9 |    1426 |     607 |  29.9 |      23 |      15 |  39.5
       D:10 |    3831 |     298 |   7.2 |      20 |       2 |   9.1
       D:11 |    5502 |    3257 |  37.2 |      41 |      19 |  31.7
       D:12 |    3758 |    4052 |  51.9 |      15 |      14 |  48.3
       D:13 |    8404 |    9067 |  51.9 |      23 |      15 |  39.5
       D:14 |   12872 |    2828 |  18.0 |      28 |       2 |   6.7
       D:15 |   17621 |    5329 |  23.2 |      46 |       9 |  16.4
     Lair:1 |    3769 |    2439 |  39.3 |      16 |      13 |  44.8
     Lair:2 |    3506 |    2440 |  41.0 |       9 |       8 |  47.1
     Lair:3 |    6404 |    2910 |  31.2 |      24 |      23 |  48.9
     Lair:4 |   12265 |     667 |   5.2 |      35 |      14 |  28.6
     Lair:5 |   17542 |    7502 |  30.0 |      37 |      19 |  33.9
   Shoals:1 |   17743 |     787 |   4.2 |      32 |       4 |  11.1
   Shoals:2 |    7363 |    4712 |  39.0 |      12 |       7 |  36.8
   Shoals:3 |   13725 |       0 |   0.0 |      28 |       0 |   0.0
   Shoals:4 |   16542 |   24445 |  59.6 |      35 |      53 |  60.2
   Spider:1 |   15907 |    2564 |  13.9 |      56 |       2 |   3.4
   Spider:2 |    6329 |    2136 |  25.2 |      19 |       1 |   5.0
   Spider:3 |   24269 |    3583 |  12.9 |      56 |      10 |  15.2
   Spider:4 |    9620 |   17359 |  64.3 |      31 |      35 |  53.0
      Orc:1 |    2086 |       0 |   0.0 |      17 |       0 |   0.0
      Orc:2 |    2293 |    8340 |  78.4 |      36 |      61 |  62.9
      Elf:1 |   20414 |    4636 |  18.5 |      33 |      12 |  26.7
      Elf:2 |    8086 |   29501 |  78.5 |      13 |      35 |  72.9
      Elf:3 |   14358 |   35495 |  71.2 |      24 |      32 |  57.1
   Vaults:1 |   27804 |    7375 |  21.0 |      36 |      14 |  28.0
   Vaults:2 |    4014 |    4867 |  54.8 |       5 |       6 |  54.5
 Desolation |       0 |   32932 | 100.0 |       0 |      70 | 100.0
            +---------+---------+-------+---------+---------+-------
